cohdb
Replays
Latest Replays
All Replays
Popular Replays
Top Player Replays
Match Explorer
How It Works
Community
CoH3 Stats
Reddit
Sign in to upload your games and track your stats! →
Sign in with Steam
Match 37415063
Unlisted
Match 37415063
Overview
Messages
Build Orders
End
Vickers Machine Gun Team
Construct Section Command Post
Infantry Section
Infantry Section
Grenade Package
Construct Platoon Command Post
Humber Armored Car
Construct Field Infirmary
Infantry Section
6-pounder Anti-tank Gun Team
Unlock Bishop Self-propelled Artillery
Bishop Self-propelled Artillery
Construct Company Command Post
Ares
TidaL
spinn72
熊猫Real tiger
Officer
『👑MayMaya23💕』
Dickson
WarmHeadGaming.Job
0
0
Comments
sign in to comment!
No comments posted yet!